 Dungeon Crawl Stone Soup version 0.19.1-1-g22dce08 (webtiles) character file.

2665 RKaid the Archer (level 9, -4/80 HPs)
             Began as a Centaur Hunter on Jan 1, 2017.
             Was a Follower of Okawaru.
             Killed by the air
             ... invoked by Gastronok
              (18 damage)
             ... on level 8 of the Dungeon on Jan 2, 2017.
             The game lasted 00:29:43 (9888 turns).

RKaid the Archer (Centaur Hunter)                   Turns: 9888, Time: 00:29:44

Health: -4/80      AC: 20    Str: 15    XL:     9   Next: 36%
Magic:  9/9        EV:  6    Int: 10    God:    Okawaru [*.....]
Gold:   412        SH:  0    Dex: 13    Spells: 0 memorised, 8 levels left

rFire  . . .     SeeInvis .     b - +2 morningstar (protect)
rCold  . . .     Gourm    +     y - +1 ring mail {rPois}
rNeg   . . .     Faith    .     (no shield)
rPois  +         Spirit   .     q - +2 hat
rElec  .         Reflect  .     (no cloak)
rCorr  +         Harm     .     (no gloves)
MR     .....                    v - +1 centaur barding
Stlth  ..........               A - amulet of the gourmand {Gourm}
                                (no ring)
                                t - ring of resist corrosion

@: protection aura, slowed
A: hooves 3, deformed body, speed 2, tough skin 3
a: Heroism, Renounce Religion


You were on level 8 of the Dungeon.
You worshipped Okawaru.
Okawaru was aware of your devotion.
You were very full.

You visited 2 branches of the dungeon, and saw 9 of its levels.

You collected 412 gold pieces.

Inventory:

Hand Weapons
 a - a +2 shortbow
 b - a +2 morningstar of protection (weapon)
   (You took it off a wight on level 7 of the Dungeon)
 B - a +1 hand axe of chopping
   (You took it off an orc on level 3 of the Dungeon)
 H - a +3 trident
   (You took it off a wight on level 7 of the Dungeon)
 L - the +5 mace of Rintohud {crush, *Contam rPois Str+4}
   (You found it on level 4 of the Dungeon)

   It inflicts extra damage upon your enemies.
   It affects your strength (+4).
   It protects you from poison.
   It causes magical contamination when unequipped.
Missiles
 d - 96 arrows
Armour
 q - a +2 hat (worn)
   (You found it on level 6 of the Dungeon)
 v - a +1 centaur barding (worn)
   (You found it on level 2 of the Dungeon)
 y - a +1 ring mail of poison resistance (worn)
   (You took it off an orc on level 6 of the Dungeon)
 E - a +1 plate armour of magic resistance
   (You found it on level 4 of the Dungeon)
Magical Staves
 O - an uncursed staff of cold {unknown}
   (You found it on level 4 of the Dungeon)
Jewellery
 t - a ring of resist corrosion (left hand)
   (You found it on level 2 of the Dungeon)
 A - an amulet of the gourmand (around neck) {Gourm}
   (You found it on level 3 of the Dungeon)
Wands
 e - a wand of iceblast (10/15)
   (You found it on level 5 of the Dungeon)
 m - a wand of disintegration (18/24)
   (You found it on level 4 of the Dungeon)
Scrolls
 i - a scroll of identify
 l - a scroll of recharging
 n - a scroll of enchant weapon
 s - 6 scrolls of remove curse
 x - a scroll of blinking {!r}
 D - 2 scrolls of fear {unknown}
Potions
 c - a potion of curing
 h - a potion of ambrosia
 j - 2 potions of resistance
 p - a potion of heal wounds
 w - a potion of mutation {unknown}
 z - a potion of flight
 F - a potion of berserk rage {unknown}
 M - 3 potions of lignification {unknown}
 N - a potion of agility
Books
 P - a book of Cantrips
   (You found it on level 4 of the Dungeon)
Comestibles
 f - 6 bread rations
 g - 5 fruits
 k - 4 beef jerkies
 o - 2 meat rations
 r - 4 chunks of flesh
 u - a slice of pizza
 G - 2 royal jellies


   Skills:
 + Level 7.7 Fighting
 * Level 13.9 Bows
 - Level 1.3 Dodging
 - Level 0.4 Stealth


You had 8 spell levels left.
You didn't know any spells.

Dungeon Overview and Level Annotations

Branches:
Dungeon (8/15)             Temple (1/1) D:7
   Lair: D:8-11

Altars:
Ashenzari
Cheibriados
Dithmenos
Elyvilon
Fedhas
Hepliaklqana
Kikubaaqudgha
Makhleb
Nemelex Xobeh
Okawaru
Qazlal
Ru
Sif Muna
Trog
Uskayaw
Vehumet
Xom
Yredelemnul
Zin
The Shining One

Annotations:
D:8 Gastronok


Innate Abilities, Weirdness & Mutations

You have hooves in place of feet.
Armour fits poorly on your strangely shaped body.
You cover ground very quickly.
You have extremely tough skin. (AC +3)


Message History

Aim: a leopard gecko (severely wounded, clinging)
You shoot an arrow.
The arrow closely misses the leopard gecko.
The leopard gecko bites you but does no damage.
Firing (i - inventory):
d - 112 arrows (quivered)
Press: ? - help, Shift-Dir - straight line, f/p - leopard gecko
Aim: a leopard gecko (severely wounded, clinging)
You shoot an arrow. The arrow hits the leopard gecko.
You kill the leopard gecko!
Okawaru accepts your kill.
Gastronok waves his eye-stalks in wide circles.
The air twists around and strikes you!
Firing (i - inventory):
d - 111 arrows (quivered)
Press: ? - help, Shift-Dir - straight line, f - Gastronok
Aim: Gastronok, wearing a glowing hat (heavily wounded, covering ground quickly)
You shoot an arrow. The arrow hits Gastronok.
Firing (i - inventory):
d - 110 arrows (quivered)
Press: ? - help, Shift-Dir - straight line, f/p - Gastronok
Aim: Gastronok, wearing a glowing hat (heavily wounded, covering ground quickly)
You shoot an arrow. The arrow hits Gastronok.
Gastronok looks at you while chanting.
You feel as though you will be slow longer.
Firing (i - inventory):
d - 109 arrows (quivered)
Press: ? - help, Shift-Dir - straight line, f/p - Gastronok
Aim: Gastronok, wearing a glowing hat (heavily wounded, covering ground quickly)
You shoot an arrow. The arrow hits Gastronok!
Gastronok is no longer moving somewhat quickly.
Firing (i - inventory):
d - 108 arrows (quivered)
Press: ? - help, Shift-Dir - straight line, f/p - Gastronok
Aim: Gastronok, wearing a glowing hat (heavily wounded)
You shoot an arrow. The arrow hits Gastronok.
Gastronok waves his eye-stalks in wide circles.
The air twists around and strikes you!
You are too injured to fight recklessly!
Firing (i - inventory):
d - 107 arrows (quivered)
Press: ? - help, Shift-Dir - straight line, f/p - Gastronok
Aim: Gastronok, wearing a glowing hat (heavily wounded)
You shoot an arrow. The arrow hits Gastronok!
Firing (i - inventory):
d - 106 arrows (quivered)
Press: ? - help, Shift-Dir - straight line, f/p - Gastronok
Aim: Gastronok, wearing a glowing hat (severely wounded)
You shoot an arrow. The arrow barely misses Gastronok.
Firing (i - inventory):
d - 105 arrows (quivered)
Press: ? - help, Shift-Dir - straight line, f/p - Gastronok
Aim: Gastronok, wearing a glowing hat (severely wounded)
You shoot an arrow. The arrow hits Gastronok.
Gastronok chants a spell, wobbling all the while.
Gastronok puts on a burst of speed!
Firing (i - inventory):
d - 104 arrows (quivered)
Press: ? - help, Shift-Dir - straight line, f/p - Gastronok
Aim: Gastronok, wearing a glowing hat (severely wounded, covering ground quickly)
You shoot an arrow. The arrow hits Gastronok.
Firing (i - inventory):
d - 103 arrows (quivered)
Press: ? - help, Shift-Dir - straight line, f/p - Gastronok
Aim: Gastronok, wearing a glowing hat (severely wounded, covering ground quickly)
You shoot an arrow. The arrow hits Gastronok.
Firing (i - inventory):
d - 102 arrows (quivered)
Press: ? - help, Shift-Dir - straight line, f/p - Gastronok
Aim: Gastronok, wearing a glowing hat (severely wounded, covering ground quickly)
You shoot an arrow. The arrow hits Gastronok!
Gastronok waves his eye-stalks in wide circles.
The air twists around and strikes you!
Firing (i - inventory):
d - 101 arrows (quivered)
Press: ? - help, Shift-Dir - straight line, f/p - Gastronok
Aim: Gastronok, wearing a glowing hat (severely wounded, covering ground quickly)
You shoot an arrow. The arrow hits Gastronok!
Firing (i - inventory):
d - 100 arrows (quivered)
Press: ? - help, Shift-Dir - straight line, f/p - Gastronok
Aim: Gastronok, wearing a glowing hat (almost dead, covering ground quickly)
You shoot an arrow.
The arrow hits Gastronok but does no damage.
Firing (i - inventory):
d - 99 arrows (quivered)
Press: ? - help, Shift-Dir - straight line, f/p - Gastronok
Aim: Gastronok, wearing a glowing hat (almost dead, covering ground quickly)
You shoot an arrow. The arrow hits Gastronok.
Firing (i - inventory):
d - 98 arrows (quivered)
Press: ? - help, Shift-Dir - straight line, f/p - Gastronok
Aim: Gastronok, wearing a glowing hat (almost dead, covering ground quickly)
You shoot an arrow. The arrow hits Gastronok.
Gastronok casts a spell.
Firing (i - inventory):
d - 97 arrows (quivered)
Press: ? - help, Shift-Dir - straight line, f/p - Gastronok
Aim: Gastronok, wearing a glowing hat (almost dead, covering ground quickly)
You shoot an arrow. The arrow barely misses the bat.
The arrow hits Gastronok.
The bat hits you but does no damage.
Your +2 morningstar of protection hums with potential!
b - a +2 morningstar of protection (weapon)
The bat hits you but does no damage. The bat barely misses you.
You closely miss the bat. The bat barely misses you.
The bat hits you but does no damage.
Gastronok waves his eye-stalks in wide circles.
The air twists around and strikes you!
* * * LOW HITPOINT WARNING * * *
You sock the bat!
Your weapon exudes an aura of protection.
You kill the bat!
The bat's corpse disappears in a puff of smoke!
Gastronok waves his eye-stalks in wide circles.
The air twists around and strikes you!
You die...

...# ##..
##.#####.##[....
....#.
.((((w......#
.....
##.#####.#.....
.... ###w##.###
... ..#.##.# ..
#.#(##.# .#
#.#.##.#####.#
#.#(((((.w§@.#
#.####.#######
#.###.._##
##.##...<.#
#.........#
#..##.....#
##..###...###
.....>......#####
###.#.##.#........


You could see Gastronok.

Vanquished Creatures
  A water moccasin (D:5)
  An ice beast (D:5)
  2 sky beasts (D:6)
  2 phantoms (D:4)
  2 black bears
  A necrophage (D:4)
  A centaur (D:7)
  3 bullfrogs
  3 scorpions
  5 killer bees (D:7)
  4 wights (D:7)
  2 centaur zombies
  3 crimson imps
  2 bullfrog zombies
  2 orc priests
  2 hounds
  2 centaur skeletons
  A bullfrog skeleton (D:5)
  3 orc wizards
  Jessica (D:2)
  3 iguanas
  4 worker ants
  2 hound skeletons
  2 worker ant zombies (D:5)
  4 gnolls (D:6)
  A howler monkey skeleton (D:5)
  3 adders
  2 shadow imps (D:7)
  An ooze (D:7)
  An adder zombie (D:5)
  4 adder skeletons
  5 worms
  3 dart slugs (D:1)
  9 leopard geckos
  21 orcs
  5 giant cockroaches
  13 goblins
  7 hobgoblins
  10 jackals
  4 quokkas
  12 bats
  7 frilled lizards
  A jackal skeleton (D:5)
  A jackal zombie (D:5)
  11 kobolds
  A leopard gecko skeleton (D:4)
  A leopard gecko zombie (D:5)
  7 rats
188 creatures vanquished.

Notes
Turn   | Place    | Note
-------+----------+-------------------------------------------
     0 | D:1      | RKaid the Centaur Hunter began the quest for the Orb.
     0 | D:1      | Reached XP level 1. HP: 17/17 MP: 1/1
   194 | D:1      | Reached XP level 2. HP: 24/25 MP: 2/2
   650 | D:1      | Reached skill level 6 in Bows
   677 | D:1      | Reached XP level 3. HP: 21/30 MP: 3/3
  1102 | D:2      | Noticed Jessica
  1124 | D:2      | Killed Jessica
  1218 | D:2      | Reached skill level 3 in Fighting
  1340 | D:2      | Reached XP level 4. HP: 34/38 MP: 4/4
  1368 | D:2      | Found a sacrificial altar of Ru.
  1707 | D:2      | Found a blossoming altar of Fedhas.
  2051 | D:2      | Reached skill level 7 in Bows
  2686 | D:3      | Found a faded altar of an unknown god.
  2688 | D:3      | Reached XP level 5. HP: 41/45 MP: 5/5
  3561 | D:4      | Noticed a phantom
  3592 | D:4      | Killed a phantom
  3592 | D:4      | Reached skill level 8 in Bows
  3713 | D:4      | Reached skill level 4 in Fighting
  3713 | D:4      | Reached XP level 6. HP: 43/52 MP: 6/6
  4114 | D:4      | Found a hide-covered altar of Uskayaw.
  4131 | D:4      | Got a pitted mace
  4172 | D:4      | Reached skill level 9 in Bows
  4204 | D:4      | Found a bloodstained altar of Trog.
  4531 | D:4      | Reached XP level 7. HP: 59/60 MP: 7/7
  4909 | D:5      | Entered Level 5 of the Dungeon
  4916 | D:5      | Identified the +5 mace of Rintohud {crush, *Contam rPois Str+4} (You found it on level 4 of the Dungeon)
  5154 | D:5      | Reached skill level 5 in Fighting
  5154 | D:5      | Reached skill level 10 in Bows
  5199 | D:5      | HP: 12/60 [water moccasin (6)]
  5200 | D:5      | HP: 2/60 [water moccasin (7)]
  5961 | D:5      | Reached skill level 11 in Bows
  5996 | D:5      | Reached XP level 8. HP: 70/70 MP: 8/8
  6785 | D:6      | Reached skill level 6 in Fighting
  7016 | D:6      | Reached skill level 12 in Bows
  8009 | D:7      | Found a stormy altar of Qazlal.
  8179 | D:7      | Found a staircase to the Ecumenical Temple.
  8186 | Temple   | Entered the Ecumenical Temple
  8197 | Temple   | Became a worshipper of Warmaster Okawaru
  8469 | D:7      | Reached skill level 7 in Fighting
  8469 | D:7      | Reached skill level 13 in Bows
  8549 | D:7      | Reached XP level 9. HP: 75/79 MP: 9/9
  8862 | D:7      | Reached * piety under Okawaru
  9547 | D:7      | Found a hazy altar of Hepliaklqana.
  9547 | D:7      | Found a radiant altar of Vehumet.
  9808 | D:8      | Found a shattered altar of Ashenzari.
  9834 | D:8      | Noticed Gastronok
  9887 | D:8      | HP: 14/80 [Gastronok/the air (27)]
  9888 | D:8      | Killed from afar by Gastronok

Skill      XL: |  1  2  3  4  5  6  7  8 |
---------------+-------------------------+-----
Bows           | 6 7 8 9 11 13 | 13.9
Fighting       | 3 4 5 7 |  7.7
Dodging        | |  1.3
Stealth        | |  0.4

Action                   |  1- 3 |  4- 6 |  7- 9 || total
-------------------------+-------+-------+-------++-------
Melee: Short sword       |   104 |    49 |       ||   153
       Kick              |    19 |    28 |    54 ||   101
       Morningstar       |       |    48 |    51 ||    99
       Hand axe          |       |    61 |   215 ||   276
       Spear             |       |       |     4 ||     4
 Fire: Shortbow          |    24 |   131 |   265 ||   420
  Use: Scroll            |       |       |    15 ||    15
       Potion            |       |       |     4 ||     4
 Stab: Paralysed         |       |     3 |       ||     3
  Eat: Chunk             |     1 |    18 |    14 ||    33
Armor: Leather armour    |    63 |    94 |    39 ||   196
       Plate armour      |       |       |   104 ||   104
       Ring mail         |       |       |   131 ||   131
Dodge: Dodged            |    61 |   118 |   111 ||   290

Vault maps used:
D:1:      dpeg_arrival_prison
D:2:      nicolae_overflow_hidden_temple, nicolae_ru_great_annihilating_truth,
          first_bread, kennysheep_generic_room_7, uniq_jessica
D:3:      ecumenical_altar_2
D:4:      eat_drink_and_be_merry_uskayaw, trog_hazing_becter
D:5:      serial_undead, serial_undead_a, serial_undead_f, serial_undead_f,
          serial_undead_e
D:6:      minmay_misc_feat_pillars
D:7:      kennysheep_mini_moat, gammafunk_temple_overflow_elements
D:8:      overflow_temple_1_default, uniq_gastronok
Temple:   dshaligram_water_room_temple

Table legend:
 A = Turns spent in this place as a percentage of turns spent in the entire game.
 B = Non-inter-level travel turns spent in this place as a percentage of non-inter-level travel turns spent in the entire game.
 C = Inter-level travel turns spent in this place as a percentage of turns spent in this place.
 D = Turns resting spent in this place as a percentage of non-inter-level travel turns spent in this place.
 E = Turns spent auto-exploring this place as a percentage of non-inter-level travel turns spent in this place.
 F = Non-inter-level travel turns spent in this place divided by the number of levels of this place that you've seen.
                   A       B       C       D       E      F
               +-------+-------+-------+-------+-------+----------------------
         Total | 100.0 | 100.0 |   0.5 |   2.1 |   5.8 | 339.7
       Dungeon |  99.1 |  99.1 |   0.5 |   2.1 |   5.7 | 378.8
        Temple |   0.9 |   0.9 |   3.6 |   0.0 |  18.5 |  27.0
               +-------+-------+-------+-------+-------+----------------------

Table legend:
 A = Kills in this place as a percentage of kills in entire the game.
 B = Kills by you in this place as a percentage of kills by you in the entire game.
 C = Kills by friends in this place as a percentage of kills by friends in the entire game.
 D = Other kills in this place as a percentage of other kills in the entire game.
 E = Experience gained in this place as a percentage of experience gained in the entire game.
 F = Experience gained in this place divided by the number of levels of this place that you have seen.
                   A       B       C       D       E      F
               +-------+-------+-------+-------+-------+----------------------
         Total | 100.0 | 100.0 |  -nan |  -nan | 100.0 | 423.1
       Dungeon | 100.0 | 100.0 |  -nan |  -nan | 100.0 | 476.0
               +-------+-------+-------+-------+-------+----------------------
